Match 47269802
Unlisted

Match 47269802
End
Panzergrenadier Squad
Selects Italian Infantry
Panzergrenadier Squad
Construct Light Support Kompanie
MG34 Team
Panzerjäger Squad
Fire Support Elements
Selects Guastatori Squad
Guastatori Squad
2.5-tonne Medical Truck
Selects L6/40 Light Tank Combat Group
Pak 38 Mechanized Group
Selects Towed Cannone da 105/28 Field Howitzer
Towed Cannone da 105/28 Field Howitzer
MG34 Team
Panzergrenadier Squad
Selects Defensive Operations
Selects Prepared Positions
Construct Panzerarmee Kommand
Armored Reserves
Tiger Heavy Tank
Guastatori Squad
Selects Obice 305mm Barrage
LicketySplit
Ismachu
Unsafe
CorporalCanuck
FuzzyMonk
Schroedinger's Cat
0
0

Comments sign in to comment!

No comments posted yet!